AoeStats
← petunssu

Golden Pit

509691966Analyzed
1v1 RM · 4d ago on Sep 27, 2026· 50m 38s· 2 players
Game mode
Random Map
Map size
Tiny (2 player)
Population
200
Speed
Normal
Resources
Standard
Victory
Conquest
Starting age
Dark Age
Ending age
Imperial Age
RankedLock teamsTeams togetherTeam positionsShared explorationLock speedFull tech treeHidden civsTurbo modeCheats
Victory
Defeat
🇺🇸 Gurjaras · United States
1153
+16
🇧🇷 Tatars · Brazil
1148
-16
petunssu
6:36 Loom
9:19 Feudal Age
10:50 Double-Bit Axe
11:59 Horse Collar
17:56 Bloodlines
19:13 Gold Mining
21:37 Castle Age
21:46 Fletching
21:56 Padded Archer Armor
22:36 Bodkin Arrow
26:13 Husbandry
32:42 Gold Shaft Mining
31:40 Elite Skirmisher
37:19 Bow Saw
39:50 Leather Archer Armor
42:55 Ballistics
44:21 Wheelbarrow
43:31 Town Watch
48:17 Murder Holes
51:20 Imperial Age
50:17 Scale Mail Armor
50:27 Forging
52:56 Imperial Age
Quack Y Attack
6:35 Loom
9:11 Feudal Age
10:12 Double-Bit Axe
19:48 Castle Age
18:54 Fletching
20:03 Crossbowman
20:45 Bodkin Arrow
27:27 Ballistics
28:13 Bow Saw
33:10 Gold Mining
33:11 Stone Mining
33:57 Bloodlines
34:16 Husbandry
34:59 Wheelbarrow
34:30 Light Cavalry
36:22 Hand Cart
36:46 Kshatriyas
40:32 Imperial Age
39:40 Scale Barding Armor
39:46 Forging
41:01 Chain Barding Armor
42:20 Chemistry
41:06 Elite Shrivamsha Rider
42:20 Town Watch
43:37 Plate Barding Armor
43:37 Iron Casting
43:57 Bracer
47:42 Padded Archer Armor
47:43 Scale Mail Armor
49:42 Conscription
50:21 Horse Collar
Connection lost

Rejoining the realm…

Still unreachable

The connection could not be restored.

Session expired

The server has moved on; the page needs a fresh start.